3L
ECHO PARK LAKERS @ PANAMA CITY PIRANHAS
05/10/2034
 
TOP OF THE 1ST
Echo Park Lakers batting - Pitching for Panama City Piranhas : RHP Freddie Balduis
Pitching: RHP Freddie Balduis
Batting: RHB Guillermo Coss 0-0: Ground out U3 (Groundball, 34)
Batting: RHB Manuel Guillama 0-0: Foul Ball, location: 2F
0-1: Ball
1-1: Ball
2-1: Ball
3-1: Fly out, F7 (Flyball, 7S)
Batting: RHB Félix Romero 0-0: Ball
1-0: Called Strike
1-1: Ball
2-1: Foul Ball, location: 2F
2-2: Ball
3-2: Foul Ball, location: 2F
3-2: Foul Ball, location: 2F
3-2: DOUBLE (Line Drive, 78XD)
Batting: RHB Xavier Pérez 0-0: Ball
1-0: Called Strike
1-1: Fly out, F8 (Flyball, 78M)
Top of the 1st over - 0 runs, 1 hit, 0 errors, 1 left on base; Echo Park 0 - Panama City 0
BOTTOM OF THE 1ST
Panama City Piranhas batting - Pitching for Echo Park Lakers : RHP Bobby Roode
Pitching: RHP Bobby Roode
Batting: RHB Petri Kallio 0-0: Ground out 4-3 (Groundball, 4)
Batting: RHB Quindarious Monday 0-0: Ball
1-0: TRIPLE (Line Drive, 9LD)
Batting: LHB Murray Sperber 0-0: Ground out 4-3 (Groundball, 4)
Quindarious Monday scores
Batting: RHB Sergio Ortíz 0-0: Called Strike
0-1: Called Strike
0-2: Reached on error, E3 (Groundball, 34)
Batting: LHB John Hansen 0-0: Called Strike
0-1: Ground out 6-3 (Groundball, 4M)
Bottom of the 1st over - 1 run, 1 hit, 1 error, 1 left on base; Echo Park 0 - Panama City 1
TOP OF THE 2ND
Echo Park Lakers batting - Pitching for Panama City Piranhas : RHP Freddie Balduis
Batting: LHB Tony Vega 0-0: Ball
1-0: Ball
2-0: Foul Ball, location: 2F
2-1: Called Strike
2-2: Ground out 1-3 (Groundball, 13)
Batting: RHB Chris Harrell 0-0: Ball
1-0: Called Strike
1-1: Called Strike
1-2: Foul Ball, location: 2F
1-2: Foul Ball, location: 2F
1-2: Strikes out swinging
Batting: SHB Toby Sutton 0-0: Ball
1-0: Called Strike
1-1: Ball
2-1: Ball
3-1: Foul Ball, location: 2F
3-2: Ground out 1-3 (Groundball, 15S)
Top of the 2nd over - 0 runs, 0 hits, 0 errors, 0 left on base; Echo Park 0 - Panama City 1
BOTTOM OF THE 2ND
Panama City Piranhas batting - Pitching for Echo Park Lakers : RHP Bobby Roode
Batting: RHB Mike Strickland 0-0: Ball
1-0: Foul Ball, location: 2F
1-1: Ground out 6-3 (Groundball, 6)
Batting: LHB António Ramos 0-0: Ball
1-0: Ball
2-0: Ball
3-0: Base on Balls
Batting: RHB Tak-hing Huang 0-0: Fly out, F5 (Popup, 25F)
Batting: RHB JoJo Victory 0-0: Fielders Choice at 2nd, 5-4 (Groundball, 56)
Bottom of the 2nd over - 0 runs, 0 hits, 0 errors, 1 left on base; Echo Park 0 - Panama City 1
TOP OF THE 3RD
Echo Park Lakers batting - Pitching for Panama City Piranhas : RHP Freddie Balduis
Batting: RHB Freddy Torres 0-0: Ball
1-0: Foul Ball, location: 2F
1-1: Ball
2-1: Foul Ball, location: 2F
2-2: Strikes out swinging
Batting: LHB Bartolo Sierra 0-0: Ball
1-0: Ball
2-0: Ball
3-0: Called Strike
3-1: Called Strike
3-2: Base on Balls
Batting: RHB Guillermo Coss 0-0: Called Strike
0-1: Ball
1-1: Ball
2-1: Ball
3-1: SINGLE (Groundball, 34D)
Bartolo Sierra to second
Runner from 2nd tries for 3rd, SAFE, throw made to third
Batting: RHB Manuel Guillama 0-0: Called Strike
0-1: Foul Ball, location: 2F
0-2: Strikes out looking
Batting: RHB Félix Romero 0-0: Called Strike
0-1: Ball
1-1: Ball
2-1: Called Strike
2-2: Ball
3-2: Base on Balls
Guillermo Coss to second
Batting: RHB Xavier Pérez 0-0: Ball
1-0: Called Strike
1-1: Called Strike
1-2: Ball
2-2: Ball
3-2: Foul Ball, location: 2F
3-2: Base on Balls
Bartolo Sierra scores
Guillermo Coss to third
Félix Romero to second
Batting: LHB Tony Vega 0-0: Called Strike
0-1: Swinging Strike
0-2: Ball
1-2: Ball
Wild Pitch!
Guillermo Coss scores
Félix Romero to third
Xavier Pérez to second
2-2: Strikes out swinging
Top of the 3rd over - 2 runs, 1 hit, 0 errors, 2 left on base; Echo Park 2 - Panama City 1
BOTTOM OF THE 3RD
Panama City Piranhas batting - Pitching for Echo Park Lakers : RHP Bobby Roode
Batting: RHB Petri Kallio 0-0: Swinging Strike
0-1: Ground out 1-3 (Groundball, 13S)
Batting: RHB Quindarious Monday 0-0: Ground out U3 (Groundball, 3)
Batting: LHB Murray Sperber 0-0: Called Strike
0-1: Swinging Strike
0-2: Ball
1-2: Foul Ball, location: 2F
1-2: Foul Ball, location: 2F
1-2: Foul Ball, location: 2F
1-2: Ball
2-2: Ball
3-2: Foul Ball, location: 2F
3-2: Foul Ball, location: 2F
3-2: Strikes out swinging
Bottom of the 3rd over - 0 runs, 0 hits, 0 errors, 0 left on base; Echo Park 2 - Panama City 1
TOP OF THE 4TH
Echo Park Lakers batting - Pitching for Panama City Piranhas : RHP Freddie Balduis
Batting: RHB Chris Harrell 0-0: Swinging Strike
0-1: Ball
1-1: Ball
2-1: Foul Ball, location: 2F
2-2: Fly out, F9 (Line Drive, 89M)
Batting: SHB Toby Sutton 0-0: Called Strike
0-1: Ball
1-1: Swinging Strike
1-2: Strikes out looking
Batting: RHB Freddy Torres 0-0: Ball
1-0: Called Strike
1-1: Swinging Strike
1-2: Foul Ball, location: 2F
1-2: Strikes out swinging
Top of the 4th over - 0 runs, 0 hits, 0 errors, 0 left on base; Echo Park 2 - Panama City 1
BOTTOM OF THE 4TH
Panama City Piranhas batting - Pitching for Echo Park Lakers : RHP Bobby Roode
Batting: RHB Sergio Ortíz 0-0: Ball
1-0: Ball
2-0: Called Strike
2-1: Fly out, F3 (Popup, 34)
Batting: LHB John Hansen 0-0: Ball
1-0: Ground out U3 (Groundball, 3L)
Batting: RHB Mike Strickland 0-0: Foul Ball, location: 2F
0-1: Swinging Strike
0-2: Fly out, F8 (Line Drive, 8RM)
Bottom of the 4th over - 0 runs, 0 hits, 0 errors, 0 left on base; Echo Park 2 - Panama City 1
TOP OF THE 5TH
Echo Park Lakers batting - Pitching for Panama City Piranhas : RHP Freddie Balduis
Batting: LHB Bartolo Sierra 0-0: Ground out 6-3 (Groundball, 6)
Batting: RHB Guillermo Coss 0-0: Foul Ball, location: 2F
0-1: Ball
1-1: Ball
2-1: Foul Ball, location: 2F
2-2: Reached on error, E4 (Groundball, 4)
Batting: RHB Manuel Guillama 0-0: Ball
1-0: Called Strike
1-1: Called Strike
Guillermo Coss is caught stealing 2nd base
1-2: Ball
2-2: SINGLE (Flyball, 8LS)
Pitching: LHP Awad Mahmudnizhad
Batting: RHB Félix Romero 0-0: Foul Ball, location: 2F
0-1: Swinging Strike
0-2: Ball
1-2: Ball
2-2: Foul Ball, location: 2F
2-2: Ball
3-2: Foul Ball, location: 2F
3-2: Foul Ball, location: 2F
3-2: Fly out, F3 (Popup, 3DF)
Top of the 5th over - 0 runs, 1 hit, 1 error, 1 left on base; Echo Park 2 - Panama City 1
BOTTOM OF THE 5TH
Panama City Piranhas batting - Pitching for Echo Park Lakers : RHP Bobby Roode
Batting: LHB António Ramos 0-0: Ball
1-0: SINGLE (Line Drive, 8LS)
Batting: RHB Tak-hing Huang 0-0: Ground out 4-3 (Groundball, 4MS)
António Ramos to second
Batting: RHB JoJo Victory 0-0: Called Strike
0-1: Swinging Strike
0-2: Ball
1-2: Ball
2-2: Foul Ball, location: 2F
2-2: Strikes out looking
Batting: RHB Petri Kallio 0-0: Ground out 6-3 (Groundball, 6)
Bottom of the 5th over - 0 runs, 1 hit, 0 errors, 1 left on base; Echo Park 2 - Panama City 1
TOP OF THE 6TH
Echo Park Lakers batting - Pitching for Panama City Piranhas : LHP Awad Mahmudnizhad
Batting: RHB Xavier Pérez 0-0: Called Strike
0-1: Ball
1-1: Swinging Strike
1-2: Strikes out looking
Batting: LHB Tony Vega 0-0: Fly out, F8 (Flyball, 8LXD)
Batting: RHB Chris Harrell 0-0: Fly out, F5 (Line Drive, 5S)
Top of the 6th over - 0 runs, 0 hits, 0 errors, 0 left on base; Echo Park 2 - Panama City 1
BOTTOM OF THE 6TH
Panama City Piranhas batting - Pitching for Echo Park Lakers : RHP Bobby Roode
Batting: RHB Quindarious Monday 0-0: Ball
1-0: Ball
2-0: Called Strike
2-1: Foul Ball, location: 2F
2-2: Ball
3-2: Base on Balls
Batting: LHB Murray Sperber 0-0: Ball
1-0: Called Strike
1-1: Ball
2-1: Called Strike
2-2: SINGLE (Line Drive, 34)
Quindarious Monday to second
Runner from 2nd tries for 3rd, SAFE, no throw
Batting: RHB Sergio Ortíz 0-0: Ball
1-0: Called Strike
1-1: Fly out, F8 (Flyball, 8RXD)
Runner from 3rd tags up, SCORES, no throw
Batting: LHB John Hansen 0-0: Called Strike
0-1: Ball
1-1: Called Strike
1-2: Ball
2-2: Ball
3-2: Base on Balls
Murray Sperber to second
Batting: RHB Mike Strickland 0-0: Foul Ball, location: 2F
0-1: Ball
1-1: Ball
Wild Pitch!
Murray Sperber to third
John Hansen to second
2-1: Ground out 4-3 (Groundball, 34)
Batting: LHB António Ramos 0-0: Foul Ball, location: 2F
0-1: DOUBLE (Flyball, 7LD)
Murray Sperber scores
John Hansen scores
Batting: RHB Tak-hing Huang 0-0: Ball
1-0: Ball
2-0: Foul Ball, location: 2F
2-1: Foul Ball, location: 2F
2-2: Foul Ball, location: 2F
2-2: Ground out 4-3 (Groundball, 4)
Bottom of the 6th over - 3 runs, 2 hits, 0 errors, 1 left on base; Echo Park 2 - Panama City 4
TOP OF THE 7TH
Echo Park Lakers batting - Pitching for Panama City Piranhas : LHP Awad Mahmudnizhad
Batting: SHB Toby Sutton 0-0: Ball
1-0: Called Strike
1-1: Fly out, F5 (Line Drive, 56)
Batting: RHB Freddy Torres 0-0: Ball
1-0: Ball
2-0: Called Strike
2-1: Ground out 4-3 (Groundball, 4S)
Batting: LHB Bartolo Sierra 0-0: SINGLE (Line Drive, 6D)
Batting: RHB Guillermo Coss 0-0: Ball
1-0: SINGLE (Groundball, 34) (infield hit)
Bartolo Sierra to second
Batting: RHB Manuel Guillama 0-0: Ball
1-0: Ground out 5-3 (Groundball, 56S)
Top of the 7th over - 0 runs, 2 hits, 0 errors, 2 left on base; Echo Park 2 - Panama City 4
BOTTOM OF THE 7TH
Panama City Piranhas batting - Pitching for Echo Park Lakers : RHP Bobby Roode
Batting: RHB JoJo Victory 0-0: Ball
1-0: Fly out, F7 (Flyball, 7D)
Batting: RHB Petri Kallio 0-0: Ball
1-0: DOUBLE (Line Drive, 78D)
Batting: RHB Quindarious Monday 0-0: Ball
1-0: Ground out 6-3 (Groundball, 6M)
Petri Kallio to third
Batting: LHB Murray Sperber 0-0: Foul Ball, location: 2F
0-1: Called Strike
0-2: Fly out, F8 (Flyball, 8LM)
Bottom of the 7th over - 0 runs, 1 hit, 0 errors, 1 left on base; Echo Park 2 - Panama City 4
TOP OF THE 8TH
Echo Park Lakers batting - Pitching for Panama City Piranhas : LHP Awad Mahmudnizhad
Batting: RHB Félix Romero 0-0: Called Strike
0-1: Foul Ball, location: 2F
0-2: Ground out 4-3 (Groundball, 4)
Batting: RHB Xavier Pérez 0-0: Ball
1-0: Fly out, F8 (Flyball, 8RM)
Batting: LHB Tony Vega 0-0: Called Strike
0-1: Called Strike
0-2: Ball
1-2: Strikes out swinging
Top of the 8th over - 0 runs, 0 hits, 0 errors, 0 left on base; Echo Park 2 - Panama City 4
BOTTOM OF THE 8TH
Panama City Piranhas batting - Pitching for Echo Park Lakers : RHP Bobby Roode
Batting: RHB Sergio Ortíz 0-0: Swinging Strike
0-1: Ball
1-1: Foul Ball, location: 2F
1-2: Foul Ball, location: 2F
1-2: Strikes out swinging
Batting: LHB John Hansen 0-0: SINGLE (Groundball, 34D)
Batting: RHB Mike Strickland 0-0: Ball
1-0: Ball
2-0: Ball
3-0: Base on Balls
John Hansen to second
Pitching: RHP Corbin Holling
Batting: LHB António Ramos 0-0: Ball
1-0: Swinging Strike
1-1: Ball
2-1: Swinging Strike
2-2: Foul Ball, location: 2F
2-2: Foul Ball, location: 2F
2-2: Ball
3-2: Strikes out swinging
Batting: RHB Tak-hing Huang 0-0: Swinging Strike
0-1: Swinging Strike
0-2: Strikes out swinging
Bottom of the 8th over - 0 runs, 1 hit, 0 errors, 2 left on base; Echo Park 2 - Panama City 4
TOP OF THE 9TH
Echo Park Lakers batting - Pitching for Panama City Piranhas : LHP Awad Mahmudnizhad
Pitching: LHP Joe Khokar
Batting: RHB Chris Harrell 0-0: Called Strike
0-1: Called Strike
0-2: Ground out 4-3 (Groundball, 4S)
Batting: SHB Toby Sutton 0-0: Ball
1-0: Called Strike
1-1: Called Strike
1-2: Strikes out swinging
Batting: RHB Freddy Torres 0-0: Ball
1-0: Ball
2-0: Ball
3-0: Called Strike
3-1: Swinging Strike
3-2: SINGLE (Groundball, 56D)
Pinch Hitting: RHB Gabriel Maldonado 0-0: Foul Ball, location: 2F
0-1: Ball
1-1: Foul Ball, location: 2F
1-2: Fielders Choice at 2nd, 6-4 (Groundball, 6)
Top of the 9th over - 0 runs, 1 hit, 0 errors, 1 left on base; Echo Park 2 - Panama City 4
Friday, March 29th, 2019 - OOTP Baseball 18.8 Build 76